 Dungeon Crawl Stone Soup version 0.22-a0-259-gdd11e71 (webtiles) character file.

65 mhoghedin the Sneak (level 4, -1/24 HPs)
             Began as a Kobold Enchanter on Mar 5, 2018.
             Slain by Robin
             ... wielding a +0 falchion
              (8 damage)
             ... on level 1 of the Dungeon.
             The game lasted 00:04:34 (1672 turns).

mhoghedin the Sneak (Kobold Enchanter)              Turns: 1672, Time: 00:04:35

Health: -1/24      AC:  3    Str:  5    XL:     4   Next: 35%
Magic:  1/7        EV: 15    Int: 17    God:
Gold:   63         SH:  3    Dex: 15    Spells: 1/7 levels left

rFire    + . .     SeeInvis .   a - +1 dagger
rCold    + . .     Gourm    .   (shield restricted)
rNeg     . . .     Faith    .   b - +0 robe
rPois    .         Spirit   .   (no helmet)
rElec    .         Reflect  +   k - scarf {rC+ rF+}
rCorr    .         Harm     .   j - +0 pair of gloves
MR       .....                  (no boots)
Stlth    +++.......             m - +3 amulet of reflection
HPRegen  0.08/turn              (no ring)
MPRegen  0.10/turn              (no ring)

@: about to teleport
A: small, carnivore
a: no special abilities


You were on level 1 of the Dungeon.
You were not hungry.

You visited 1 branch of the dungeon, and saw 2 of its levels.

You collected 63 gold pieces.

Inventory:

Hand Weapons
 a - a +1 dagger (weapon)
Armour
 b - a +0 robe (worn)
 j - a +0 pair of gloves (worn)
   (You found it on level 1 of the Dungeon)
 k - a scarf of resistance (worn)
   (You found it on level 1 of the Dungeon)
Jewellery
 g - an uncursed amulet of the acrobat {unknown}
   (You found it on level 2 of the Dungeon)
 m - a +3 amulet of reflection (around neck)
   (You found it on level 2 of the Dungeon)
Scrolls
 i - 2 scrolls of teleportation
 l - a scroll of noise {unknown}
 n - 2 scrolls of magic mapping {unknown}
Potions
 c - a potion of resistance {unknown}
 f - a potion of degeneration {unknown}
 h - 2 potions of curing
 o - a potion of flight {unknown}
Comestibles
 d - 3 rations


   Skills:
 - Level 2.5 Short Blades
 - Level 2.4 Dodging
 - Level 4.7 Stealth
 - Level 2.1 Spellcasting
 + Level 3.6 Hexes
 + Level 1.7 Ice Magic


You had one spell level left.
You knew the following spells:

 Your Spells              Type           Power        Failure   Level  Hunger
a - Ensorcelled Hibernat  Hex/Ice        ##....       10%         2    ###....
c - Confuse               Hex            ##......     13%         3    ###....
v - Corona                Hex            ##.....      4%          1    #......


Dungeon Overview and Level Annotations

Branches:
Dungeon (2/15)

Altars:

Annotations:
D:1 Robin


Innate Abilities, Weirdness & Mutations

You are small and have problems with some larger weapons.
You are carnivorous and can eat meat at any time.


Message History

g - a thin sapphire amulet The hobgoblin moves out of view.
The goblin barely misses you. Robin throws the goblin at you!
The goblin hits you but does no damage.
A goblin comes into view. It is wielding a dagger.
A goblin comes into view.
A bat comes into view.
The helpless bat fails to defend itself.
You impale the bat!!
You kill the bat!
The goblin hits you.
You see here a bat corpse.
You take 2 damage, and have 22/24 hp.
You block the goblin's attack.
You hit the goblin.
You kill the goblin!
You hit the goblin. The goblin barely misses you.
You barely miss the goblin. The goblin hits you with a club.
You take 2 damage, and have 21/24 hp.
You fade into invisibility!
You are very lightly contaminated with residual magic.
You hit the goblin. The goblin closely misses you.
You strike the helpless goblin from behind!
You puncture the goblin!
You kill the goblin!
You hit the goblin. You barely miss the goblin. The goblin barely misses you.
You hit the goblin.
You kill the goblin!
You hit the goblin. The goblin barely misses you.
You closely miss the goblin. The goblin hits you with a dagger.
You take 1 damage, and have 20/24 hp.
You barely miss the goblin.
You catch the helpless goblin completely off-guard!
You puncture the goblin!
You kill the goblin!
You hit the goblin.
You kill the goblin!
You hit the goblin but do no damage. The goblin closely misses you.
You closely miss the goblin. You hit the goblin. The goblin misses you.
You hit the goblin but do no damage. The goblin closely misses you.
You hit the goblin but do no damage. The goblin closely misses you.
You closely miss the goblin. The goblin closely misses you.
You hit the goblin.
You kill the goblin!
You hit the goblin. The goblin misses you.
You hit the goblin.
You kill the goblin!
No target in view!
No target in view!
No target in view!
No target in view!
No target in view!
You flicker for a moment.
Items here: )))))) ††††††† You flicker back into view.
Unknown command.
Okay, then.
Unknown command.
Your magical contamination has completely faded away.
Health restored: 24 The goblin shouts!
You hear a shout! x2
A hobgoblin comes into view.
The hobgoblin shouts!
A goblin comes into view. It is wielding a club.
Robin's bangles clink loudly.
Robin roars a battlecry!
The goblins go into a battle-frenzy!
You hear a shout! x3
There is a stone staircase leading up here.
Aim: a goblin (unusually strong, chance to defeat MR: 59%)
The goblin resists with significant effort.
The goblin hits you.
You take 1 damage, and have 23/24 hp.
You now have 5/7 mp.
Aim: a goblin (unusually strong, chance to defeat MR: 59%)
The goblin looks drowsy...
The hobgoblin hits you with a club.
You take 4 damage, and have 19/24 hp.
You now have 3/7 mp.
The helpless goblin fails to defend itself.
You impale the goblin!!
You kill the goblin!
The hobgoblin closely misses you.
Aim: a hobgoblin (unusually strong, chance to defeat MR: 60%)
The hobgoblin looks drowsy...
You hear a splashing noise.
You now have 1/7 mp.
The helpless hobgoblin fails to defend itself.
You impale the hobgoblin!!
You kill the hobgoblin!
The hobgoblin hits you with a club! Robin misses you.
You climb upwards.
There is a stone staircase leading down here.
You take 8 damage, and have 11/24 hp.
MASSIVE DAMAGE!!
As you read the scroll of teleportation, it crumbles to dust.
You feel strangely unstable. The hobgoblin misses you.
Robin closely misses you.
You closely miss the hobgoblin. The hobgoblin hits you with a club.
* * * LOW HITPOINT WARNING * * *
Robin hits you with a falchion!
You die...

#.###.#####..# #.# #.# ##...##
.........[#..# #.# #.# #.###.
##.##.###.#..###.###.# #....#
...##.# #.#..##...##># ####.#
#..##.# #.#.....)....# #.#
#..##.###.##.##...#### #.#
#..##........###(## #.#
#..####.....## #g### #.#
.............# #@g.# #.#
#..####......# ###.# #.#
#....##......# #.# #.#
#.##.#####.#.# #.# #.# #.##.#
#.#.# #.# ######.. ..##.#
#.#)# #.# #......#
####.#####.#.# ##.## #......#
#.........# #...######....#..
#..####.######............###.


You could see Robin and a hobgoblin.

Vanquished Creatures
  2 adders (D:2)
  A worm (D:2)
  2 dart slugs (D:1)
  11 goblins
  8 hobgoblins
  10 bats
  3 rats (D:1)
37 creatures vanquished.

Notes
Turn   | Place    | Note
-------+----------+-------------------------------------------
     0 | D:1      | mhoghedin the Kobold Enchanter began the quest for the Orb.
     0 | D:1      | Reached XP level 1. HP: 10/10 MP: 3/3
   180 | D:1      | Reached skill level 2 in Short Blades
   180 | D:1      | Reached XP level 2. HP: 13/15 MP: 5/5
   521 | D:1      | Learned a level 2 spell: Ensorcelled Hibernation
   757 | D:1      | Reached XP level 3. HP: 19/19 MP: 6/6
  1054 | D:2      | Reached skill level 1 in Ice Magic
  1254 | D:2      | Learned a level 3 spell: Confuse
  1358 | D:2      | Reached XP level 4. HP: 15/24 MP: 4/7
  1576 | D:2      | Noticed Robin
  1672 | D:1      | Slain by Robin

Vault maps used:
D:1:      eino_arrival_tree_alley
D:2:      ashenzari_altar_1, serial_bayou, serial_bayou_lagoon_b,
          serial_bayou_lagoon_a, serial_bayou_shore_b, serial_bayou_ford_a,
          serial_bayou_shore_b, serial_bayou_pond_b, uniq_robin

Skill      XL: |  1  2  3 |
---------------+----------+-----
Short Blades   | 2 |  2.5
Ice Magic      | 1 |  1.7
Dodging        | |  2.4
Stealth        | |  4.7
Spellcasting   | |  2.1
Hexes          | |  3.6

Action                   |  1- 3 |  4- 6 || total
-------------------------+-------+-------++-------
Melee: Dagger            |    94 |    27 ||   121
 Cast: Corona            |     2 |       ||     2
       Ensorcelled Hiber |    10 |     6 ||    16
  Use: Scroll            |     2 |     2 ||     4
       Potion            |       |     1 ||     1
 Stab: Sleeping          |    13 |     4 ||    17
       Invisible         |       |     2 ||     2
  Eat: Chunk             |     5 |       ||     5
Armor: Robe              |    26 |     2 ||    28
Dodge: Dodged            |    84 |    17 ||   101
Block: Other             |     4 |     1 ||     5

Table legend:
 A = Spawn XP
 B = Non-spawn XP
 C = Spawn XP percentage of total XP
 D = Spawn monster count
 E = Non-spawn monster count
 F = Spawn count percentage of total count
 G = Total turns spent on level
                    A         B        C        D         E        F      G
               +---------+---------+-------+---------+---------+-------+---------
         Total |       0 |      94 |   0.0 |       0 |      37 |   0.0 |  1672
               +---------+---------+-------+---------+---------+-------+---------
           D:1 |       0 |      36 |   0.0 |       0 |      20 |   0.0 |  1128
           D:2 |       0 |      58 |   0.0 |       0 |      17 |   0.0 |   544
               +---------+---------+-------+---------+---------+-------+---------

Vault maps used:
D:1:      eino_arrival_tree_alley
D:2:      ashenzari_altar_1, serial_bayou, serial_bayou_lagoon_b,
          serial_bayou_lagoon_a, serial_bayou_shore_b, serial_bayou_ford_a,
          serial_bayou_shore_b, serial_bayou_pond_b, uniq_robin

Table legend:
 A = Turns spent in this place as a percentage of turns spent in the entire game.
 B = Non-inter-level travel turns spent in this place as a percentage of non-inter-level travel turns spent in the entire game.
 C = Inter-level travel turns spent in this place as a percentage of turns spent in this place.
 D = Turns resting spent in this place as a percentage of non-inter-level travel turns spent in this place.
 E = Turns spent auto-exploring this place as a percentage of non-inter-level travel turns spent in this place.
 F = Non-inter-level travel turns spent in this place divided by the number of levels of this place that you've seen.
                   A       B       C       D       E      F
               +-------+-------+-------+-------+-------+----------------------
         Total | 100.0 | 100.0 |   0.2 |  37.1 |  37.1 | 834.5
       Dungeon | 100.0 | 100.0 |   0.2 |  37.1 |  37.1 | 834.5
               +-------+-------+-------+-------+-------+----------------------

Table legend:
 A = Kills in this place as a percentage of kills in entire the game.
 B = Kills by you in this place as a percentage of kills by you in the entire game.
 C = Kills by friends in this place as a percentage of kills by friends in the entire game.
 D = Other kills in this place as a percentage of other kills in the entire game.
 E = Experience gained in this place as a percentage of experience gained in the entire game.
 F = Experience gained in this place divided by the number of levels of this place that you have seen.
                   A       B       C       D       E      F
               +-------+-------+-------+-------+-------+----------------------
         Total | 100.0 | 100.0 |   N/A |   N/A | 100.0 |  47.0
       Dungeon | 100.0 | 100.0 |   N/A |   N/A | 100.0 |  47.0
               +-------+-------+-------+-------+-------+----------------------
